 Dungeon Crawl Stone Soup version 0.13.1-20-gf50ca03 (webtiles) character file.

208 Kae the Insei (level 3, -7/28 HPs)
             Began as a Draconian Transmuter on Dec 31, 2013.
             Mangled by Sigmund
             ... wielding a +0,+0 scythe
              (9 damage)
             ... on Level 2 of the Dungeon.
             The game lasted 00:01:48 (1299 turns).

Kae the Insei (Draconian Transmuter)                Turns: 1299, Time: 00:01:48

HP  -7/28        AC  5     Str 12      XL: 3   Next: 50%
MP   4/4         EV 12     Int 13      God:
Gold 160         SH  0     Dex 12      Spells:  2 memorised,  3 levels left

Res.Fire  : . . .   See Invis. : .     - Unarmed
Res.Cold  : . . .   Warding    : .   (armour unavailable)
Life Prot.: . . .   Conserve   : .   (no shield)
Res.Poison: .       Res.Corr.  : .   (helmet restricted)
Res.Elec. : .       Clarity    : .   (no cloak)
Sust.Abil.: . .     Spirit.Shd : .   (no gloves)
Res.Mut.  : .       Stasis     : .   (boots unavailable)
Res.Rott. : .       Flight     : .   (no amulet)
Saprovore : . . .                    (no ring)
                                     (no ring)

@: appendage (expiring), slowed, very slow, not resistant to hostile
enchantments, unstealthy
A: unfitting armour, talons 3, AC +5
a: End Transformation


You were on level 2 of the Dungeon.
You were not hungry.
You had grown temporary talons.
You visited 1 branch of the dungeon, and saw 2 of its levels.

You collected 140 gold pieces.

Inventory:

Missiles
 b - 58 arrows
Comestibles
 a - a bread ration
 i - 2 meat rations
 k - a pear
 o - an apple
Scrolls
 c - a scroll of recharging {unknown}
 e - a scroll of noise {unknown}
 f - 2 scrolls of magic mapping {unknown}
 g - 2 scrolls of random uselessness {unknown}
 j - 2 scrolls of identify {unknown}
 l - 3 scrolls of enchant weapon I {unknown}
Jewellery
 h - an uncursed amulet of guardian spirit {unknown}
Books
 d - a book of Changes

   Spells                             Type                      Level
   *Beastly Appendage                 Transmutation                1
   *Sticks to Snakes                  Transmutation                2
   Spider Form                        Transmutation/Poison         3
   Ice Form                           Ice/Transmutation            4
   Blade Hands                        Transmutation                5


   Skills:
 - Level 1.1 Fighting
 - Level 1.7 Dodging
 * Level 4.2 Unarmed Combat
 - Level 2.0 Spellcasting
 + Level 2.6 Transmutations


You had 3 spell levels left.
You knew the following spells:

 Your Spells              Type           Power        Failure   Level  Hunger
a - Beastly Appendage     Trmt           #.....       10%         1    ##.....
b - Sticks to Snakes      Trmt           #.........   14%         2    ###....


Dungeon Overview and Level Annotations

Branches:
Dungeon (2/27)

Altars:

Annotations:
D:2 Sigmund


Innate Abilities, Weirdness & Mutations

Your plain brown scales are hard (AC +5).
Your body does not fit into most forms of armour.
Your cold-blooded metabolism reacts poorly to cold.
You have claws for feet.


Message History

Sigmund barely misses you.
You miss Sigmund.
Sigmund is severely wounded.
Ouch! Sigmund hits you with a scythe!
* * * LOW HITPOINT WARNING * * *
Drink which item? (? for menu, Esc to quit)
You feel yourself slow down.
It was a potion of slowing.
Sigmund hits you with a scythe.
* * * LOW HITPOINT WARNING * * *
Drink which item? (? for menu, Esc to quit)
You feel refreshed.
It was a potion of restore abilities.
Sigmund drinks a potion.
Sigmund is healed!
You barely miss Sigmund.
Sigmund is heavily wounded.
You feel less confused. Sigmund completely misses you.
You closely miss Sigmund.
Sigmund is heavily wounded.
Sigmund hits you with a scythe!
You die...

## #. ###. ###... #...##
## #############.#...
###.. ..............###.
.......########........#.
#.@@................
#.###.$....####...## #
#.###### #.#.# #.# #.#.#
#.# #.#.## ..# #.#... ###
#.#.## #...# ##..#


You could see Sigmund.

Vanquished Creatures
  Jessica (D:2)
  An inept item mimic (D:2)
  A giant gecko (D:2)
  A ball python (D:2)
  3 giant cockroaches
  3 hobgoblins
  5 kobolds
  2 bats (D:1)
  3 giant newts
  3 goblins
  3 rats
26 creatures vanquished.

Notes
Turn   | Place    | Note
--------------------------------------------------------------
     0 | D:1      | Kae, the Draconian Transmuter, began the quest for the Orb.
     0 | D:1      | Reached XP level 1. HP: 16/16 MP: 1/1
   173 | D:1      | Reached XP level 2. HP: 21/23 MP: 3/3
   861 | D:2      | Learned a level 2 spell: Sticks to Snakes
   906 | D:2      | Noticed Jessica
   918 | D:2      | Killed Jessica
   918 | D:2      | Reached skill level 4 in Unarmed Combat
   918 | D:2      | Reached XP level 3. HP: 13/28 MP: 2/4
  1279 | D:2      | Noticed Sigmund
  1299 | D:2      | Mangled by Sigmund

Action                   || total
-------------------------++-------
Melee: Unarmed           ||    91
 Cast: Beastly Appendage ||     2
  Use: Potion            ||     2
 Stab: Sleeping          ||     1
